 Dungeon Crawl Stone Soup version 0.26.1-2-gb8aa6d0cf2 (webtiles) character file.

Game seed: 9657321532569767968

31784 FishyPogo the Fighter (level 13, -16/119 HPs)
             Began as a Grey Draconian Berserker on Feb 26, 2021.
             Was a High Priest of Trog.
             Killed from afar by Fannar (33 damage)
             ... with a bolt of cold
             ... on level 12 of the Dungeon on Feb 27, 2021.
             The game lasted 01:12:11 (14912 turns).

FishyPogo the Fighter (Grey Draconian Berserker)   Turns: 14912, Time: 01:12:12

Health: -16/119    AC: 20    Str: 26    XL:     13   Next: 27%
Magic:  13/13      EV: 16    Int:  7    God:    Trog [*****.]
Gold:   1033       SH:  0    Dex: 10    Spells: 12/12 levels left

rFire    + . .     SeeInvis .   a - +6 battleaxe (flame)
rCold    . . .     Faith    .   (shield currently unavailable)
rNeg     . . .     Spirit   .   (armour unavailable)
rPois    +         Reflect  .   h - +1 hat
rElec    .         Harm     .   (no cloak)
rCorr    .         Rampage  .   N - +2 pair of gloves
Will     +....                  z - +2 pair of boots {Stlth+}
Stlth    ++++......             (no amulet)
HPRegen  0.29/turn              y - ring of protection from fire
MPRegen  0.13/turn              J - ring "Icell" {rPois Will+}

@: no status effects
A: walk through water, unfitting armour, unbreathing, cold-blooded, AC +13
a: Renounce Religion, Berserk, Trog's Hand, Brothers in Arms


You were on level 12 of the Dungeon.
You worshipped Trog.
Trog was extremely pleased with you.
You visited 2 branches of the dungeon, and saw 13 of its levels.
You also visited: Sewer.

You collected 1033 gold pieces.

Inventory:

Hand Weapons
 a - a +6 battleaxe of flaming (weapon)
 b - the +2 hunting sling "Pickeg" {flame, rF- rN+++ Will+++ Int-3}
   (You found it on level 9 of the Dungeon)

   It causes projectiles fired from it to burn those they strike, causing extra
   injury to most foes and up to half again as much damage against particularly
   susceptible opponents.
   It affects your intelligence (-3).
   It makes you vulnerable to fire.
   It renders you almost immune to negative energy.
   It affects your willpower, your defense against some magical effects.
 l - a cursed +6 battleaxe of freezing
 w - a +1 vampiric dagger
 D - a +5 vorpal broad axe
 E - a +2 hand axe of electrocution
 M - a +3 dagger of venom
Missiles
 g - 21 poisoned darts (quivered)
 n - 4 curare-tipped darts
 o - 68 stones
 r - 29 boomerangs
 I - 94 sling bullets
Armour
 h - a +1 hat (worn)
 t - a +0 buckler
 z - a +2 pair of boots of stealth (worn)
 N - a +2 pair of gloves (worn)
Jewellery
 y - a ring of protection from fire (left hand)
 A - the ring "Ehihonee" {rElec rPois Str+9 Int-4 Slay-6}
   (You found it on level 10 of the Dungeon)

   [ring of poison resistance]

   It affects your strength (+9).
   It affects your intelligence (-4).
   It affects your accuracy and damage with ranged weapons and melee attacks
   (-6).
   It insulates you from electricity.
   It protects you from poison.
 J - the ring "Icell" (right hand) {rPois Will+}
   (You found it on level 9 of the Dungeon)

   [ring of poison resistance]

   It protects you from poison.
   It affects your willpower, your defense against some magical effects.
Wands
 s - a wand of enslavement (9)
 u - a wand of flame (50)
 v - a wand of disintegration (10)
 B - a wand of acid (20)
 H - a wand of digging (3)
 K - a wand of polymorph (16)
Scrolls
 m - 6 scrolls of remove curse
 p - 3 scrolls of teleportation
 x - a scroll of blinking {unknown}
 C - a scroll of fog {unknown}
 F - 4 scrolls of enchant armour
 L - a scroll of magic mapping
 O - 2 scrolls of immolation
Potions
 c - a potion of attraction {unknown}
 d - 2 potions of heal wounds
 f - 3 potions of flight {unknown}
 i - 5 potions of magic {unknown}
 j - 5 potions of haste
 k - a potion of curing
 q - a potion of berserk rage
 G - a potion of ambrosia
 P - a potion of lignification {unknown}
 Q - a potion of brilliance {unknown}
Miscellaneous
 e - a phial of floods


   Skills:
 + Level 12.4 Fighting
 - Level 5.0 Short Blades
 * Level 11.2(11.9) Axes
 - Level 7.0(10.0) Polearms
 - Level 3.0 Slings
 + Level 9.3 Dodging
 - Level 5.0 Stealth
 - Level 4.0 Shields
 + Level 6.7 Evocations


You had 12 spell levels left.
You didn't know any spells.
Your spell library contained the following spells:

 Spells                   Type           Power        Failure   Level
 Animate Skeleton         Necr           0%           43%         1
 Apportation              Tloc           0%           43%         1
 Corona                   Hex            0%           43%         1
 Magic Dart               Conj           0%           43%         1
 Summon Small Mammal      Summ           0%           43%         1
 Searing Ray              Conj           0%           56%         2
 Confusing Touch          Hex            0%           80%         3
 Dazzling Flash           Conj/Hex       0%           80%         3
 Gell's Gravitas          Tloc           0%           80%         3
 Fulminant Prism          Conj/Hex       0%           99%         4
 Iskenderun's Mystic Bla  Conj/Tloc      0%           99%         4
 Petrify                  Tmut/Erth      0%           99%         4
 Bolt of Magma            Conj/Fire/Erth 0%           100%        5
 Irradiate                Conj/Tmut      0%           100%        5
 Iskenderun's Battlesphe  Conj           0%           100%        5
 Metabolic Englaciation   Hex/Ice        0%           100%        5
 Yara's Violent Unravell  Hex/Tmut       0%           100%        5
 Hydra Form               Tmut           0%           100%        6
 Iron Shot                Conj/Erth      0%           100%        6
 Statue Form              Tmut/Erth      0%           100%        6
 Dragon Form              Tmut           0%           100%        7
 Orb of Destruction       Conj           0%           100%        7
 Spellforged Servitor     Conj/Summ      0%           100%        7


Dungeon Overview and Level Annotations

Branches:
Dungeon (12/15)            Temple (0/1) D:7            Lair (0/6) D:8
    Orc (1/2) D:10          Sewer (visited)

Altars:
Cheibriados
Gozag
Yredelemnul
Beogh

Annotations:
D:12 Fannar


Innate Abilities, Weirdness & Mutations

You can walk through water.
Your dull iron-grey scales are very hard. (AC +13)
You cannot fit into any form of body armour.
You can survive without breathing.
You are cold-blooded and may be slowed by cold attacks.


Message History

You slice the troll!! You burn the troll.
You kill the troll!
Trog accepts your kill.
You close the door, pushing everything out of the way.
You open the door.
Fannar shouts!
You hear a loud, deep croak!
Something unseen opens the door.
Things that are here:
a cursed -3 giant spiked club; a +0 shortbow; 2 arrows You slash the deep elf mage!
You burn the deep elf mage. You tail-slap the deep elf mage.
The deep elf mage is heavily wounded.
The deep elf mage hits you but does no damage.
You slash the deep elf mage! You burn the deep elf mage.
The deep elf mage is almost dead.
The deep elf mage casts a spell at you. The bolt of lightning misses you.
Fannar points at you and mumbles some strange words.
The bolt of cold hits you!!
You die...

######### ##........
#......... #.(.......
#.........
###############..†......
..............e(....>...
############.##.........
#.##)@)......
........###e###+###
.......... ()†.
##...................
......e....$.o!........
##.....................
(...?...........$..
.........!........


You could see Fannar (icy armour), a deep elf mage and an orc.

Vanquished Creatures
  Snorg (D:10)
  An ettin (Orc:1)
  2 hydras (D:11)
  3 two-headed ogres
  The ghost of lis82 the Zephyrmancer, a novice DgAE (D:10)
  Sonja (D:10)
  3 unseen horrors
  An orc knight (Orc:1)
  An ugly thing (D:12)
  2 cyclopes
  A gargoyle (D:12)
  5 trolls
  Prince Ribbit (D:6)
  A wyvern (D:12)
  17 yaks
  Eustachio (D:6)
  2 wraiths (D:11)
  4 wargs
  A soldier ant (D:12)
  4 ice beasts
  Purgy (Sewer)
  13 orc warriors
  A black bear (D:8)
  2 phantoms
  6 ogres
  11 centaurs
  4 big kobolds
  8 bullfrogs
  6 scorpions
  A water moccasin skeleton (D:4)
  5 killer bees
  14 wights
  3 howler monkeys
  2 bullfrog zombies
  2 centaur zombies
  2 quasits
  5 centaur skeletons
  9 orc priests
  3 hounds
  15 orc wizards
  3 bullfrog skeletons
  2 iguanas (D:9)
  11 worker ants
  A worker ant zombie (D:6)
  4 gnolls (D:4)
  11 adders
  2 river rats (D:3)
  3 shadow imps
  2 white imps (D:8)
  3 ufetubi
  2 worms (D:3)
  3 dart slugs
  4 leopard geckos
  82 orcs
  7 giant cockroaches
  A goblin (D:1)
  5 hobgoblins
  18 jackals
  4 quokkas
  2 ball pythons
  11 bats
  2 frilled lizards
  A jackal skeleton (D:3)
  20 kobolds
  2 quokka skeletons
  3 quokka zombies
  5 rats
380 creatures vanquished.

Vanquished Creatures (collateral kills)
  A sphinx (D:9)
  Maurice (D:10)
  A troll (D:9)
  2 orc warriors (D:9)
  A scorpion (D:8)
  An orc priest (D:8)
  A hound (D:8)
  An adder (D:9)
  8 orcs (D:9)
  A kobold (D:8)
18 creatures vanquished.

Vanquished Creatures (others)
  An orc wizard (D:9)
  A plant (D:8)
2 creatures vanquished.

Grand Total: 400 creatures vanquished

Notes
Turn   | Place    | Note
-------+----------+-------------------------------------------
     0 | D:1      | FishyPogo the Draconian Berserker began the quest for the
                  | Orb.
     0 | D:1      | Reached XP level 1. HP: 19/19 MP: 1/1
   268 | D:1      | Reached XP level 2. HP: 27/27 MP: 2/2
  1017 | D:2      | Reached skill level 4 in Fighting
  1258 | D:2      | Reached ** piety under Trog
  1305 | D:2      | Reached XP level 3. HP: 30/33 MP: 3/3
  1637 | D:3      | Found a glowing drain.
  1821 | D:3      | Reached XP level 4. HP: 30/41 MP: 4/4
  2035 | Sewer    | Entered a sewer
  2165 | Sewer    | Noticed Purgy
  2174 | Sewer    | Killed Purgy
  2175 | Sewer    | Reached skill level 5 in Fighting
  2175 | Sewer    | Reached XP level 5. HP: 48/48 MP: 5/5
  2329 | D:3      | You fall into a shaft and drop 1 floor!
  2578 | D:3      | Found a snail-covered altar of Cheibriados.
  2843 | D:3      | Reached *** piety under Trog
  2951 | D:4      | Reached XP level 6. HP: 42/57 MP: 6/6
  2962 | D:4      | Reached skill level 6 in Fighting
  3712 | D:4      | Your scales start taking on a dull iron-grey colour.
  3712 | D:4      | Reached XP level 7. HP: 64/64 MP: 7/7
  3712 | D:4      | Gained mutation: You can survive without breathing. [Grey
                  | Draconian growth]
  3948 | D:5      | Entered Level 5 of the Dungeon
  4058 | D:5      | Reached skill level 7 in Fighting
  4219 | D:5      | Reached skill level 5 in Polearms
  4366 | D:5      | Reached skill level 1 in Shields
  4746 | D:5      | Reached skill level 5 in Dodging
  4746 | D:5      | Reached XP level 8. HP: 74/74 MP: 8/8
  4779 | D:5      | Reached skill level 8 in Fighting
  5011 | D:6      | Noticed Eustachio
  5262 | D:6      | Killed Eustachio
  5388 | D:6      | Found a basalt altar of Yredelemnul.
  5440 | D:6      | Reached skill level 9 in Fighting
  5470 | D:6      | Reached **** piety under Trog
  5695 | D:6      | Noticed Prince Ribbit
  5836 | D:6      | Reached XP level 9. HP: 69/83 MP: 9/9
  6014 | D:6      | Killed Prince Ribbit
  6751 | D:7      | Reached ***** piety under Trog
  6779 | D:7      | Found a staircase to the Ecumenical Temple.
  7124 | D:8      | Noticed a two-headed ogre
  7338 | D:8      | Reached skill level 10 in Fighting
  7385 | D:8      | Reached skill level 1 in Evocations
  7459 | D:8      | Reached skill level 1 in Short Blades
  7473 | D:8      | Found a staircase to the Lair.
  7542 | D:9      | Got a fine hunting sling
  7543 | D:9      | Identified the +2 hunting sling "Pickeg" {flame, rF- rN+++
                  | Will+++ Int-3} (You found it on level 9 of the Dungeon)
  8033 | D:9      | Found a roughly hewn altar of Beogh.
  8053 | D:9      | Reached skill level 1 in Slings
  8217 | D:9      | Noticed a two-headed ogre
  8231 | D:9      | Killed a two-headed ogre
  8232 | D:9      | Reached XP level 10. HP: 59/94 MP: 10/10
  8710 | D:9      | Noticed a cyclops
  8721 | D:9      | Killed a cyclops
  8722 | D:9      | Reached skill level 1 in Axes
  8723 | D:9      | Noticed a sphinx
  9527 | D:8      | Noticed a two-headed ogre
  9557 | D:8      | Killed a two-headed ogre
  9558 | D:8      | Reached skill level 5 in Short Blades
 10467 | D:8      | Reached skill level 11 in Fighting
 11006 | D:9      | Killed a sphinx
 11007 | D:9      | Reached skill level 5 in Axes
 11007 | D:9      | Reached XP level 11. HP: 75/102 MP: 11/11
 11015 | D:9      | Got a clouded tin ring
 11025 | D:9      | Identified the ring "Icell" {rPois Will+} (You found it on
                  | level 9 of the Dungeon)
 11395 | D:10     | Entered Level 10 of the Dungeon
 11422 | D:10     | Noticed Maurice
 11534 | D:10     | Received a gift from Trog
 11541 | D:10     | Killed Maurice
 11718 | D:10     | Found a staircase to the Orcish Mines.
 11798 | D:10     | Noticed Snorg
 11835 | D:10     | Reached XP level 12. HP: 110/110 MP: 12/12
 11895 | D:10     | Killed Snorg
 11979 | D:10     | Found a large runed translucent door.
 11980 | D:10     | Found a large runed translucent door.
 11984 | D:10     | Noticed lis82's ghost (novice DgAE)
 11993 | D:10     | Noticed Sonja
 12041 | D:10     | Killed Sonja
 12446 | D:10     | Killed lis82's ghost
 12447 | D:10     | Reached skill level 5 in Stealth
 12447 | D:10     | Reached skill level 5 in Evocations
 12452 | D:10     | Got a crude glass ring
 12456 | D:10     | Identified the ring "Ehihonee" {rElec rPois Str+9 Int-4
                  | Slay-6} (You found it on level 10 of the Dungeon)
 12884 | D:11     | Found an opulent altar of Gozag.
 12902 | D:11     | Noticed a six-headed hydra
 12933 | D:10     | Reached skill level 10 in Axes
 13215 | D:11     | Noticed a seven-headed hydra
 13272 | Orc:1    | Entered Level 1 of the Orcish Mines
 13273 | Orc:1    | Noticed an ettin
 13290 | Orc:1    | Killed an ettin
 13290 | Orc:1    | Received a gift from Trog
 13291 | Orc:1    | Reached skill level 12 in Fighting
 13667 | D:11     | Killed a three-headed hydra
 13668 | D:11     | Reached XP level 13. HP: 117/118 MP: 13/13
 14701 | D:12     | Noticed Fannar
 14912 | D:12     | Killed from afar by Fannar

Illustrated notes

Levels and vault maps discovered:
D:1:      amcnicky_arrival_single_pillar, layout_basic, serial_glass,
          glass_columns_a, glass_columns_a, glass_columns_c, glass_columns_b,
          glass_columns_c, glass_columns_a, glass_columns_a, glass_columns_a,
          glass_columns_c, glass_columns_a, glass_columns_a, glass_columns_a,
          glass_columns_a, glass_columns_b, st_stairs_11
D:2:      layout_basic
D:3:      layout_basic, kennysheep_slug_shrine, portal_sewer_entry_a
D:4:      layout_loops_corners
D:5:      layout_gridville, hangedman_decor_slide_cut
D:6:      layout_loops_ring, grunt_ministairs_9, yredelemnul_altar_generic,
          uniq_prince_ribbit1, uniq_eustachio
D:7:      layout_basic, minmay_temple_entry_waves, nrook_mini_backslash
D:8:      layout_gridville, erik_lair_orcish_takeover, minmay_tree_intersection
D:9:      layout_roguey [special_room_orc], minmay_evil_grid
D:10:     layout_cave_pools, david_orc_2, ebering_ghost_disaster_area,
          uniq_maurice, uniq_sonja, uniq_snorg
D:11:     layout_cave_pools, grunt_gozag_breadcrumbs
D:12:     minmay_general_purpose_star, layout_basic, uniq_fannar
Orc:1:    layout_caves

Skill      XL: |  1  2  3  4  5  6  7  8  9 10 11 12 13 |
---------------+----------------------------------------+-----
Dodging        | 3 4 5 6 7 8 9 |  9.3
Fighting       | 4 5 6 7 9 10 11 12 | 12.4
Polearms       | 4 5 6 7 |  7.0
Shields        | 1 3 4 |  4.0
Evocations     | 2 4 6 |  6.7
Short Blades   | 4 5 |  5.0
Slings         | 2 3 |  3.0
Axes           | 5 8 10 11 | 11.2
Stealth        | 4 5 |  5.0

Action                   |  1- 3 |  4- 6 |  7- 9 | 10-12 | 13-15 || total
-------------------------+-------+-------+-------+-------+-------++-------
Melee: Spear             |   150 |   174 |   588 |       |       ||   912
       Tailslap          |    10 |    25 |   107 |    72 |    18 ||   232
       Dagger            |       |       |   228 |   233 |     6 ||   467
       Hand axe          |       |       |       |    59 |       ||    59
       Broad axe         |       |       |       |   132 |       ||   132
       Battleaxe         |       |       |       |    12 |    84 ||    96
 Fire: Hunting sling     |       |       |    12 |    24 |       ||    36
Throw: Dart              |     4 |     3 |     7 |     2 |       ||    16
Invok: Berserk           |     1 |     4 |     5 |    13 |       ||    23
       Brothers in Arms  |       |       |     3 |     2 |       ||     5
       Trog's Hand       |       |       |     1 |     1 |       ||     2
  Use: Scroll            |     2 |     1 |     1 |    13 |       ||    17
       Potion            |       |     1 |     4 |     1 |       ||     6
 Stab: Sleeping          |     1 |     1 |     3 |     3 |     2 ||    10
       Distracted        |       |       |       |       |     1 ||     1
Armor: Skin              |    45 |    43 |   239 |   199 |    37 ||   563
Dodge: Dodged            |    88 |    98 |   415 |   369 |    76 ||  1046
Block: Buckler           |       |       |   124 |    57 |       ||   181
